 Dungeon Crawl Stone Soup version 0.29.1-15-g9cfb28693d (webtiles) character file.

Game seed: 11835843304016949037

21 Gabide the Trooper (level 2, -1/24 HPs)
             Began as a Mummy Berserker on Apr 17, 2023.
             Was a Follower of Trog.
             Slain by a hobgoblin (4 damage)
             ... on level 1 of the Dungeon.
             The game lasted 00:00:22 (394 turns).

Gabide the Trooper (Mummy Berserker)                 Turns: 394, Time: 00:00:22

Health: -1/24      AC:  2    Str: 20    XL:     2   Next: 62%
Magic:  2/2        EV: 12    Int:  6    God:    Trog [*.....]
Gold:   5          SH:  0    Dex: 11    Spells: 1/1 levels left

rFire   x . .      SeeInvis .     - Unarmed
rCold   + . .      Faith    .   (no shield)
rNeg    + + +      Spirit   .   a - +0 animal skin
rPois   ∞          Reflect  .   (no helmet)
rElec   .          Harm     .   (no cloak)
rCorr   .          Rampage  .   (no gloves)
Will    .....                   (no boots)
Stlth   +.........              (no amulet)
HPRegen 0.08/turn               (no ring)
MPRegen 0.08/turn               (no ring)

@: no status effects
A: cold resistance 1, negative energy resistance 3, torment resistance 2, heat
vulnerability 1, no potions
a: Renounce Religion


You were on level 1 of the Dungeon.
You worshipped Trog.
Trog was aware of your devotion.
You visited 1 branch of the dungeon, and saw 1 of its levels.

You collected 5 gold pieces.

Inventory:

Armour
 a - a +0 animal skin (worn)
Scrolls
 b - a scroll of teleportation {unknown}
 c - a scroll of amnesia {unknown}


   Skills:
 + Level 3.2 Fighting
 - Level 1.5 Armour
 + Level 1.9 Dodging
 * Level 2.9 Unarmed Combat


You had one spell level left.
You didn't know any spells.
Your spell library was empty.

Dungeon Overview and Level Annotations

Branches:
Dungeon (1/15)

Altars:


Innate Abilities, Weirdness & Mutations

You are immune to poison.
Your flesh is cold resistant. (rC+)
You are immune to negative energy. (rN+++)
You are immune to unholy pain and torment.
You are vulnerable to heat. (rF-)
You do not drink.


Message History

You closely miss the goblin.
The goblin is heavily wounded.
The goblin closely misses you. The hobgoblin hits you.
You barely miss the goblin.
The goblin is heavily wounded.
The goblin hits you with a +0 dagger.
The hobgoblin hits you but does no damage.
You hit the goblin.
You kill the goblin!
Trog accepts your kill. The hobgoblin hits you.
You are too injured to fight recklessly!
You are too injured to fight recklessly!
You are too injured to fight recklessly!
You are too injured to fight recklessly!
You are too injured to fight recklessly!
You are too injured to fight recklessly!
You are too injured to fight recklessly!
You are too injured to fight recklessly!
You are too injured to fight recklessly!
You are too injured to fight recklessly!
You are too injured to fight recklessly!
You are too injured to fight recklessly!
You are too injured to fight recklessly!
You are too injured to fight recklessly!
You closely miss the ball python. The ball python barely misses you.
The ball python closely misses you. The hobgoblin hits you.
You closely miss the ball python. The ball python bites you.
The ball python grabs you. The ball python constricts you.
* * * LOW HITPOINT WARNING * * *
The ball python bites you.
* * * LOW HITPOINT WARNING * * *
The ball python constricts you.
You hit the ball python.
You kill the ball python!
Trog accepts your kill. The hobgoblin hits you.
* * * LOW HITPOINT WARNING * * *
You closely miss the hobgoblin. The hobgoblin hits you.
You die...

...##.......#
...##.......#
#.......#
...##.......#
#.......
#####.......###.....!
...!.........##.....
#####.........#....
............#.##..#
######.####.#.##)g#
#.# #.#.##@#### #.##
#.#.......#
#..###.#.......#
######....#.........#
...........##.......#
####.#####.##.......#
..#.# ..#.........
##.### .#..........
.#.. ...........


You could see a hobgoblin.

Vanquished Creatures
  A dart slug (D:1)
  A ball python (D:1)
  An endoplasm (D:1)
  A giant cockroach (D:1)
  2 goblins (D:1)
  A hobgoblin (D:1)
  4 jackals (D:1)
  A quokka (D:1)
  A bat (D:1)
  2 frilled lizards (D:1)
  A rat (D:1)
16 creatures vanquished.

Notes
Turn   | Place    | Note
-------+----------+-------------------------------------------
     0 | D:1      | Gabide the Mummy Berserker began the quest for the Orb.
     0 | D:1      | Reached XP level 1. HP: 18/18 MP: 1/1
    70 | D:1      | Reached XP level 2. HP: 14/24 MP: 2/2
   394 | D:1      | Slain by a hobgoblin

Illustrated notes

Levels and vault maps discovered:
D:1:      evilmike_arrival_hilbert_curve, layout_rooms,
          ebering_ecumenical_altar_petrified, minmay_misc_feat_columns,
          st_stairs_10, minmay_hedge_maze

Action                   || total
-------------------------++-------
Melee: Unarmed           ||    51
Armor: Animal skin       ||    11
Dodge: Dodged            ||    33
